 Seeded DCSS version 0.29-a0-103-g37f8668 (webtiles) character file.

Game seed: 1584609970685914667 (custom seed)

249 Illumine the Cutter (level 5, 0/27 HPs)
             Began as a Spriggan Fighter on Feb 15, 2022.
             Slain by a jelly (3 damage)
             ... on level 4 of the Dungeon.
             The game lasted 00:05:25 (4049 turns).

Illumine the Cutter (Spriggan Fighter)              Turns: 4049, Time: 00:05:26

Health: 0/27       AC: -10   Str: 14    XL:     5   Next: 87%
Magic:  6/6        EV: 17    Int: 10    God:
Gold:   59         SH:  6    Dex: 14    Spells: 4/4 levels left

rFire   . . .      SeeInvis +   a - +0 rapier
rCold   . . .      Faith    .   c - +0 buckler
rNeg    . . .      Spirit   .   b - +0 robe
rPois   .          Reflect  .   (helmet restricted)
rElec   .          Harm     .   (no cloak)
rCorr   .          Rampage  .   (gloves unavailable)
Will    .....                   (boots unavailable)
Stlth   +.........              (no amulet)
HPRegen 0.09/turn               (no ring)
MPRegen 0.10/turn               (no ring)

@: corroded, very quick
A: very small, no large weapons, unfitting armour, see invisible, speed 3
a: no special abilities


You were on level 4 of the Dungeon.
You visited 1 branch of the dungeon, and saw 4 of its levels.

You collected 59 gold pieces.

Inventory:

Hand Weapons
 a - a +0 rapier (weapon)
Missiles
 g - 3 poisoned darts
 j - a boomerang (quivered)
Armour
 b - a +0 robe (worn)
 c - a +0 buckler (worn)
 e - an orb of guile
Scrolls
 h - a scroll of teleportation
 k - a scroll of torment
 l - a scroll of immolation {unknown}
 m - 3 scrolls of identify {unknown}
 p - a scroll of amnesia {unknown}
 q - a scroll of magic mapping {unknown}
Potions
 d - a potion of might
 f - a potion of lignification
 i - a potion of attraction
 n - a potion of cancellation {unknown}
 o - a potion of degeneration {unknown}


   Skills:
 - Level 2.4 Fighting
 * Level 5.7 Short Blades
 - Level 4.0 Dodging
 + Level 3.3 Shields


You had 4 spell levels left.
You didn't know any spells.
Your spell library contained the following spells:

 Spells                   Type           Power      Damage    Failure   Level
 Foxfire                  Conj/Fire      0%         2x1d4     58%         1
 Conjure Flame            Conj/Fire      0%         6-21      92%         3
 Inner Flame              Hex/Fire       0%         N/A       92%         3
 Flame Wave               Conj/Fire      0%         2d4       100%        4


Dungeon Overview and Level Annotations

Branches:
Dungeon (4/15)
 Temple: D:4-7

Altars:

Shops:
D:2 [((

Annotations:
D:3 Sigmund


Innate Abilities, Weirdness & Mutations

You are very small and have problems with some larger weapons.
You are too small for most types of armour.
You have supernaturally acute eyesight. (SInv)
You cover ground extremely quickly. (Speed+++)


Message History

You block the gnoll's attack.
You barely miss the gnoll.
The gnoll is heavily wounded.
The gnoll hits you with a +0 flail.
You barely miss the gnoll.
The gnoll is heavily wounded.
The gnoll completely misses you.
You hit the gnoll.
The gnoll is severely wounded.
You block the gnoll's attack.
You hit the gnoll.
You kill the gnoll!
Things that are here:
a +0 flail; a gnoll corpse You start resting.
HP restored.
There is a stone staircase leading down, spattered with blood here.
You climb downwards.
The jelly hits you but does no damage.
There is a stone staircase leading up here.
You hit the jelly.
Your hands burn!
The jelly is lightly wounded.
The jelly completely misses you.
You hit the jelly. The acid corrodes you!
Your hands burn!
The jelly is moderately wounded.
The jelly closely misses you.
You hit the jelly but do no damage.
Your hands burn!
The jelly is moderately wounded.
The jelly barely misses you.
You hit the jelly but do no damage. The acid corrodes you!
Your hands burn!
The jelly is moderately wounded.
The jelly barely misses you.
You hit the jelly but do no damage. The acid corrodes you!
Your hands burn!
* * * LOW HITPOINT WARNING * * *
The jelly is moderately wounded.
You block the jelly's attack.
You hit the jelly but do no damage.
Your hands burn!
* * * LOW HITPOINT WARNING * * *
The jelly is moderately wounded.
The jelly hits you.
You die...

.# ###. #. #. #... .# #.###
... .. ....#@##. ##..#..
....#.#J##. #...#.# .....
#.#...#.##. #...#g# #.#.#
#.#.#.#.##.###...#h#
#.#.#+#...#.#.##..##...#g#####
#.#...........###.##...#......
#.........[...^........#.#####
#..................hg.......#
#......................#.##.#


You could see a jelly.

Vanquished Creatures
  A hound (D:3)
  Crazy Yiuf (D:2)
  A centaur skeleton (D:4)
  Natasha (thrice) (D:2)
  2 gnolls
  3 adders (D:2)
  2 worms (D:2)
  2 dart slugs
  An orc (D:3)
  An endoplasm (D:1)
  2 giant cockroaches
  4 goblins (D:1)
  2 hobgoblins
  3 quokkas
  6 ball pythons
  A frilled lizard (D:2)
  5 kobolds
  4 rats
44 creatures vanquished.

Vanquished Creatures (others)
  6 plants (D:2)
6 creatures vanquished.

Grand Total: 50 creatures vanquished

Notes
Turn   | Place    | Note
-------+----------+-------------------------------------------
     0 | D:1      | Illumine the Spriggan Fighter began the quest for the Orb.
     0 | D:1      | Reached XP level 1. HP: 11/11 MP: 2/2
   632 | D:1      | Reached XP level 2. HP: 16/16 MP: 3/3
   697 | D:1      | Reached skill level 3 in Short Blades
  1222 | D:2      | Found Xyinupni's Weapon Shoppe.
  1222 | D:2      | Found a faded altar of an unknown god.
  1384 | D:2      | Reached XP level 3. HP: 19/19 MP: 4/4
  1435 | D:2      | Noticed Natasha
  1446 | D:2      | Killed Natasha
  1447 | D:2      | Reached skill level 4 in Short Blades
  2062 | D:2      | Noticed Natasha
  2073 | D:2      | Killed Natasha
  2074 | D:2      | Reached XP level 4. HP: 7/23 MP: 5/5
  2346 | D:2      | Found Neconk's Antique Armour Boutique.
  2523 | D:2      | Noticed Natasha
  2531 | D:2      | Killed Natasha
  2742 | D:2      | Identified the +1 spear "Raisin" {freeze, rCorr}
  2794 | D:2      | Found Foggabed's Weapon Boutique.
  2799 | D:2      | Reached XP level 5. HP: 27/27 MP: 6/6
  3009 | D:2      | Found a runed translucent door.
  3010 | D:2      | Noticed Crazy Yiuf
  3020 | D:2      | Killed Crazy Yiuf
  3021 | D:2      | Reached skill level 5 in Short Blades
  3433 | D:3      | Noticed Sigmund
  4049 | D:4      | Slain by a jelly

Illustrated notes

Levels and vault maps discovered:
D:1:      dpeg_arrival_shelter, layout_loops_ring, chequers_jeans
D:2:      layout_basic, basic_ecumenical_altar, serial_shops,
          nicolae_shop_window_shopping, shop, nicolae_shop_behind_doors,
          serial_bayou_lagoon_b, uniq_crazy_yiuf_cottage, uniq_natasha
D:3:      layout_basic, minmay_misc_feat_ornament, st_stairs_8,
          minmay_misc_feat_doors, uniq_sigmund
D:4:      layout_basic, lemuel_coloured_pillars_altar, uniq_grinder,
          uniq_menkaure

Skill      XL: |  1  2  3  4  5 |
---------------+----------------+-----
Short Blades   | 3 4 5 |  5.7
Shields        | 3 |  3.3
Fighting       | |  2.4
Dodging        | |  4.0

Action                   |  1- 3 |  4- 6 || total
-------------------------+-------+-------++-------
Melee: Rapier            |    93 |    95 ||   188
Throw: Dart              |     1 |       ||     1
       Boomerang         |     1 |     9 ||    10
  Use: Scroll            |     2 |       ||     2
       Potion            |       |     3 ||     3
 Stab: Sleeping          |     2 |     1 ||     3
Armor: Robe              |     4 |    11 ||    15
Dodge: Dodged            |    57 |    52 ||   109
Block: Buckler           |    26 |    27 ||    53

Table legend: (Time is in decaauts)
 A = Elapsed time spent in this place.
 B = Non-inter-level travel time spent in this place.
 C = Inter-level travel time spent in this place.
 D = Time resting spent in this place.
 E = Time spent auto-exploring this place.
 F = Levels seen in this place.
 G = Mean time per level.
                   A        B        C        D        E       F      G
               +--------+--------+--------+--------+--------+-----+--------+
         Total |   3431 |   3398 |     33 |   1140 |   1752 |   4 |  857.8 |
       Dungeon |   3431 |   3398 |     33 |   1140 |   1752 |   4 |  857.8 |
               +--------+--------+--------+--------+--------+-----+--------+

Top non-repeatable levels by time:
     D:2: 1787 daAuts
     D:1: 880 daAuts
     D:3: 674 daAuts
     D:4: 88 daAuts
